 Dungeon Crawl Stone Soup version 0.18-b1-22-ge198996 (webtiles) character file.

662 Sand the Basher (level 7, 0/72 HPs)
             Began as an Ogre Assassin on May 3, 2016.
             Slain by an orc
             ... wielding a +0 short sword
              (5 damage)
             ... on level 4 of the Dungeon.
             The game lasted 00:16:36 (3936 turns).

Sand the Basher (Ogre Assassin)                     Turns: 3936, Time: 00:16:37

Health: 0/72       AC:  4    Str: 17    XL:     7   Next: 56%
Magic:  7/7        EV:  9    Int: 10    God:
Gold:   178        SH:  0    Dex: 13    Spells: 0 memorised, 6 levels left

rFire  . . .     SeeInvis .     a - +1 flail (holy)
rCold  . . .     Gourm    .     c - +0 robe
rNeg   . . .     Faith    .     (no shield)
rPois  .         Spirit   .     (helmet restricted)
rElec  .         Dismiss  .     d - +0 cloak
rCorr  .         Reflect  .     (gloves unavailable)
SustAt .         Harm     .     (boots unavailable)
MR     .....                    (no amulet)
Stlth  ++........               (no ring)
                                (no ring)

@: not resistant to hostile enchantments, unstealthy
A: unfitting armour, tough skin 1
a: no special abilities


You were on level 4 of the Dungeon.
You were not hungry.

You visited 1 branch of the dungeon, and saw 4 of its levels.

You collected 178 gold pieces.

Inventory:

Hand Weapons
 a - a +1 flail of holy wrath (weapon)
 b - a +0 blowgun
 j - a +2 dagger
 r - a +1 dagger of venom
 y - a +0 mace
Missiles
 f - 5 curare-tipped needles
 p - 99 sling bullets
 s - 48 stones (quivered)
 x - 5 poisoned needles
Armour
 c - a +0 robe (worn)
 d - a +0 cloak (worn)
Jewellery
 h - a +4 ring of intelligence {unknown}
 k - a cursed -2 ring of slaying {unknown}
Wands
 D - a wand of lightning (8/15)
Scrolls
 i - a scroll of fog {unknown}
 l - a scroll of blinking {unknown}
 m - a scroll of identify {unknown}
 n - a scroll of amnesia {unknown}
 o - a scroll of enchant weapon {unknown}
 t - a scroll of teleportation {unknown}
 u - 6 scrolls of remove curse {unknown}
 v - 3 scrolls of fear {unknown}
 w - a scroll of immolation {unknown}
 B - a scroll of recharging {unknown}
Potions
 e - a potion of magic {unknown}
 z - 2 potions of agility {unknown}
 A - a potion of might {unknown}
Comestibles
 g - a bread ration
 q - 2 meat rations
 C - 2 chunks of flesh


   Skills:
 + Level 5.0 Fighting
 - Level 1.2 Short Blades
 * Level 8.1 Maces & Flails
 - Level 4.0 Throwing
 - Level 0.8 Dodging
 - Level 3.2 Stealth


You had 6 spell levels left.
You didn't know any spells.

Dungeon Overview and Level Annotations

Branches:
Dungeon (4/15)
 Temple: D:4-7

Altars:
Qazlal
Ru
Trog


Innate Abilities, Weirdness & Mutations

You are too large for most types of armour.
You have tough skin (AC +1).


Message History

The orc wizard is lightly wounded.
The orc wizard casts a spell at you. The magic dart hits you!
* * * LOW HITPOINT WARNING * * *
The orc closely misses you.
You sock the orc wizard!
The orc wizard is almost dead.
The orc wizard closely misses you. The orc completely misses you.
You hit the orc wizard but do no damage.
The orc wizard is almost dead.
The orc wizard closely misses you. The orc hits you with a short sword.
* * * LOW HITPOINT WARNING * * *
You thump the orc wizard!
You kill the orc wizard!
Your Fighting skill increases to level 5!
The orc barely misses you.
You hit the orc.
The orc is lightly wounded.
The orc hits you with a short sword.
You die...

.......................#....#
.>.....................'....#
##.###'########+###..##....#
# ###.###.####..###########
#.............+ ..##
#.............# ...#
#.............# ...#
#...........).# ...#
###.#..#####@## .ยง# #####.
#o)##..# .. #...)..# ...
#......# ... #..[...# ...
#......# ########


You could see an orc.

Vanquished Creatures
  Eustachio (D:4)
  A phantom (D:4)
  A howler monkey (D:3)
  4 orc wizards (D:4)
  Ijyb (D:2)
  Natasha (twice) (D:3)
  3 gnolls (D:3)
  7 adders
  A howler monkey skeleton (D:4)
  An adder skeleton (D:4)
  A worm (D:2)
  3 dart slugs (D:3)
  2 giant geckos
  7 orcs
  4 giant cockroaches
  8 goblins
  6 hobgoblins
  10 jackals
  15 kobolds
  7 bats
  3 giant newts
  9 rats
97 creatures vanquished.

Notes
Turn   | Place    | Note
--------------------------------------------------------------
     0 | D:1      | Sand the Ogre Assassin began the quest for the Orb.
     0 | D:1      | Reached XP level 1. HP: 22/22 MP: 1/1
   189 | D:1      | Reached skill level 1 in Maces & Flails
   189 | D:1      | Reached XP level 2. HP: 25/29 MP: 2/2
   603 | D:2      | Reached skill level 2 in Maces & Flails
   833 | D:2      | Reached XP level 3. HP: 28/36 MP: 3/3
  1305 | D:2      | Noticed Ijyb
  1332 | D:2      | Killed Ijyb
  1332 | D:2      | Reached skill level 3 in Maces & Flails
  1332 | D:2      | Reached XP level 4. HP: 34/44 MP: 4/4
  1536 | D:2      | Found a sacrificial altar of Ru.
  1679 | D:2      | Reached skill level 4 in Maces & Flails
  1949 | D:3      | Found a stormy altar of Qazlal.
  2035 | D:3      | Reached XP level 5. HP: 33/50 MP: 5/5
  2366 | D:3      | Reached skill level 5 in Maces & Flails
  2449 | D:3      | Noticed Natasha
  2458 | D:3      | Killed Natasha
  2499 | D:3      | Found a bloodstained altar of Trog.
  2672 | D:3      | Reached XP level 6. HP: 48/59 MP: 6/6
  2780 | D:3      | Noticed Natasha
  2789 | D:3      | Killed Natasha
  2901 | D:3      | Reached skill level 6 in Maces & Flails
  3140 | D:4      | Noticed a phantom
  3149 | D:4      | Killed a phantom
  3194 | D:4      | Noticed Eustachio
  3313 | D:4      | Killed Eustachio
  3313 | D:4      | Reached skill level 7 in Maces & Flails
  3313 | D:4      | Reached XP level 7. HP: 52/70 MP: 7/7
  3926 | D:4      | Reached skill level 8 in Maces & Flails
  3935 | D:4      | Reached skill level 5 in Fighting
  3936 | D:4      | Slain by an orc

Skill      XL: |  1  2  3  4  5  6  7 |
---------------+----------------------+-----
Maces & Flails | 1 2 3 4 5 7 8 |  8.1
Throwing       | 3 4 |  4.0
Fighting       | 4 5 |  5.0
Short Blades   | |  1.2
Dodging        | |  0.8
Stealth        | |  3.2

Action                   |  1- 3 |  4- 6 |  7- 9 || total
-------------------------+-------+-------+-------++-------
Melee: Dagger            |   103 |       |       ||   103
       Mace              |    38 |    94 |       ||   132
       Flail             |       |    47 |    47 ||    94
 Fire: Blowgun           |     3 |    16 |       ||    19
Throw: Stone             |    20 |    85 |     9 ||   114
  Use: Potion            |       |     1 |     1 ||     2
 Stab: Sleeping          |     2 |     4 |       ||     6
  Eat: Chunk             |     1 |     6 |     1 ||     8
       Pizza             |       |       |     1 ||     1
Armor: Robe              |    42 |    29 |    14 ||    85
Dodge: Dodged            |    61 |    62 |    18 ||   141
